 Dungeon Crawl Stone Soup version 0.20.0-10-g0535bb4 (console) character file.

13 jeanjacques the Charlatan (level 2, -4/24 HPs)
             Began as a Ghoul Artificer on June 5, 2017.
             Killed from afar by an orc wizard (5 damage)
             ... with a puff of frost
             ... on level 3 of the Dungeon.
             The game lasted 00:01:34 (416 turns).

jeanjacques the Charlatan (Ghoul Artificer)          Turns: 416, Time: 00:01:35

Health: -4/24      AC:  4    Str: 15    XL:     2   Next: 37%
Magic:  3/3        EV: 11    Int:  6    God:
Gold:   20         SH:  0    Dex:  9    Spells: 1/1 levels left

rFire    . . .     SeeInvis .   (no weapon)
rCold    + . .     Gourm    .   (no shield)
rNeg     + + +     Faith    .   b - +0 leather armour
rPois    ∞         Spirit   .   m - +0 helmet
rElec    .         Reflect  .   (no cloak)
rCorr    .         Harm     .   (no gloves)
MR       .....                  (no boots)
Stlth    +.........             (no amulet)
Regen    0.0/turn               (no ring)
MPRegen  0.1/turn               (no ring)

@: rotting
A: rotting body, claws 1, carnivore 3, cold resistance 1, negative energy
resistance 3, inhibited regeneration, torment resistance, unbreathing
a: no special abilities


You were on level 3 of the Dungeon.
You were not hungry.

You visited 1 branch of the dungeon, and saw 3 of its levels.

You collected 20 gold pieces.

Inventory:

Hand Weapons
 a - a +0 short sword
Missiles
 n - 18 stones (quivered)
Armour
 b - a +0 leather armour (worn)
 h - a +0 ring mail
 m - a +0 helmet (worn)
Wands
 c - a wand of flame (9/48)
 d - a wand of enslavement (15/24)
 e - a wand of random effects (0/48)
Scrolls
 g - 2 scrolls of remove curse {unknown}
 i - a scroll of amnesia {unknown}
 l - a scroll of fog {unknown}
 p - a scroll of teleportation {unknown}
Potions
 k - a potion of lignification {unknown}
 o - a potion of heal wounds {unknown}
Comestibles
 f - 2 meat rations
 j - 6 chunks of flesh {@w1}


   Skills:
 + Level 1.8 Fighting
 - Level 0.8 Short Blades
 - Level 1.7 Dodging
 - Level 1.1 Stealth
 + Level 3.1 Evocations


You had one spell level left.
You didn't know any spells.

Dungeon Overview and Level Annotations

Branches:
Dungeon (3/15)

Altars:


Innate Abilities, Weirdness & Mutations

Your body is rotting away.
You thrive on raw meat.
You are immune to poison.
You have sharp fingernails.
You are carnivorous and can eat meat at any time.
Your flesh is cold resistant. (rC+)
You are immune to negative energy. (rN+++)
You do not regenerate when monsters are visible.
You are immune to unholy pain and torment.
You can survive without breathing.


Message History

Aim: an orc wizard, wielding a dagger and wearing a robe (heavily wounded)
The puff of flame misses the orc.
The puff of flame hits the orc wizard.
The orc wizard is almost dead.
This wand has 13 charges left.
The orc hits you with a hand axe.
* * * LOW HITPOINT WARNING * * *
An orc comes into view. It is wielding a flail.
Evoke which item? (* to show all) (? for menu, Esc to quit)
Aiming: Throw Flame
Aim: an orc wizard, wielding a dagger and wearing a robe (almost dead)
The puff of flame hits the orc.
You kill the orc!
This wand has 12 charges left.
Evoke which item? (* to show all) (? for menu, Esc to quit)
Aiming: Throw Flame
Aim: an orc wizard, wielding a dagger and wearing a robe (almost dead)
The puff of flame hits the orc.
The orc is moderately wounded.
This wand has 11 charges left.
The orc hits you with a flail.
* * * LOW HITPOINT WARNING * * *
The orc wizard mumbles some strange words.
The orc wizard seems to speed up.
Evoke which item? (* to show all) (? for menu, Esc to quit)
You don't have any such object.
Evoke which item? (* to show all) (? for menu, Esc to quit)
Okay, then.
Unknown command.
Evoke which item? (* to show all) (? for menu, Esc to quit)
Aiming: Throw Flame
Aim: an orc wizard, wielding a dagger and wearing a robe (almost dead, fast)
The puff of flame hits the orc.
The orc appears unharmed.
The orc is moderately wounded.
This wand has 10 charges left.
Evoke which item? (* to show all) (? for menu, Esc to quit)
Aiming: Throw Flame
Aim: an orc wizard, wielding a dagger and wearing a robe (almost dead, fast)
The puff of flame misses the orc wizard.
The puff of flame misses the orc.
This wand has 9 charges left.
The orc wizard gestures at you while chanting.
The puff of frost hits you! You resist.
You die...

########
##......#
.o...#.#
#o##.#.#
#n##.#.#
#.##.#.#
#......#
####.###
#.# #.#
#.# ##.##
#####...#


You could see an orc wizard and an orc.

Vanquished Creatures
  2 orcs (D:3)
  2 giant cockroaches
  A goblin (D:2)
  A hobgoblin (D:2)
  A kobold (D:1)
  2 bats
  A rat (D:2)
10 creatures vanquished.

Notes
Turn   | Place    | Note
-------+----------+-------------------------------------------
     0 | D:1      | jeanjacques the Ghoul Artificer began the quest for the Orb.
     0 | D:1      | Reached XP level 1. HP: 16/16 MP: 1/1
     1 | D:1      | Noticed an electric eel
   205 | D:2      | Found a faded altar of an unknown god.
   259 | D:2      | Reached skill level 3 in Evocations
   259 | D:2      | Reached XP level 2. HP: 19/23 MP: 1/3
   412 | D:3      | HP: 2/24 [orc/hand axe (4)]
   416 | D:3      | Killed from afar by an orc wizard

Skill      XL: |  1 |
---------------+----+-----
Evocations     | 3 |  3.1
Fighting       | |  1.8
Short Blades   | |  0.8
Dodging        | |  1.7
Stealth        | |  1.1

Action                   || total
-------------------------++-------
Melee: Unarmed           ||    32
       Short sword       ||     6
Evoke: Wand              ||    21
 Stab: Paralysed         ||     3
  Eat: Chunk             ||     2
Armor: Leather armour    ||    10
Dodge: Dodged            ||    25

Table legend:
 A = Turns spent in this place as a percentage of turns spent in the entire game.
 B = Non-inter-level travel turns spent in this place as a percentage of non-inter-level travel turns spent in the entire game.
 C = Inter-level travel turns spent in this place as a percentage of turns spent in this place.
 D = Turns resting spent in this place as a percentage of non-inter-level travel turns spent in this place.
 E = Turns spent auto-exploring this place as a percentage of non-inter-level travel turns spent in this place.
 F = Non-inter-level travel turns spent in this place divided by the number of levels of this place that you've seen.
                   A       B       C       D       E      F
               +-------+-------+-------+-------+-------+----------------------
         Total | 100.0 | 100.0 |   0.0 |   0.0 |   9.8 |  68.0
       Dungeon | 100.0 | 100.0 |   0.0 |   0.0 |   9.8 |  68.0
               +-------+-------+-------+-------+-------+----------------------

Table legend:
 A = Kills in this place as a percentage of kills in entire the game.
 B = Kills by you in this place as a percentage of kills by you in the entire game.
 C = Kills by friends in this place as a percentage of kills by friends in the entire game.
 D = Other kills in this place as a percentage of other kills in the entire game.
 E = Experience gained in this place as a percentage of experience gained in the entire game.
 F = Experience gained in this place divided by the number of levels of this place that you have seen.
                   A       B       C       D       E      F
               +-------+-------+-------+-------+-------+----------------------
         Total | 100.0 | 100.0 |  -nan |  -nan | 100.0 |   6.3
       Dungeon | 100.0 | 100.0 |  -nan |  -nan | 100.0 |   6.3
               +-------+-------+-------+-------+-------+----------------------

Vault maps used:
D:1:      arrival_aquarium_a
D:2:      chequers_ecumenical_altar_lobes, kennysheep_cross_bottleneck,
          minmay_box_of_dots
D:3:      lemuel_coloured_pillars_altar, first_bread, uniq_jessica

Action                   || total
-------------------------++-------
Melee: Unarmed           ||    32
       Short sword       ||     6
Evoke: Wand              ||    21
 Stab: Paralysed         ||     3
  Eat: Chunk             ||     2
Armor: Leather armour    ||    10
Dodge: Dodged            ||    25
